 Dungeon Crawl Stone Soup version 0.24.0-1-gfbc8707122 (webtiles) character file.

Game seed: 2745239122768162047, levelgen mode: deterministic

24 Mrkan the Covered (level 2, -10/27 HPs)
             Began as a Minotaur Fighter on Oct 28, 2019.
             Was an Initiate of Okawaru.
             Mangled by Sigmund
             ... wielding a +3 scythe of protection
              (12 damage)
             ... on level 2 of the Dungeon.
             The game lasted 00:01:10 (613 turns).

Mrkan the Covered (Minotaur Fighter)                 Turns: 613, Time: 00:01:10

Health: -10/27     AC:  7    Str: 20    XL:     2   Next: 79%
Magic:  1/1        EV:  7    Int:  5    God:    Okawaru [......]
Gold:   80         SH:  9    Dex:  9    Spells: 1/1 levels left

rFire    . . .     SeeInvis .   a - +0 war axe
rCold    . . .     Gourm    .   c - +0 shield
rNeg     . . .     Faith    .   b - +0 scale mail
rPois    .         Spirit   .   (helmet restricted)
rElec    .         Reflect  .   (no cloak)
rCorr    .         Harm     .   (no gloves)
MR       .....                  (no boots)
Stlth    ..........             (no amulet)
HPRegen  0.09/turn              (no ring)
MPRegen  0.07/turn              (no ring)

@: no status effects
A: retaliatory headbutt, horns 2
a: Renounce Religion


You were on level 2 of the Dungeon.
You worshipped Okawaru.
Okawaru was noncommittal.
You were not hungry.

You visited 1 branch of the dungeon, and saw 2 of its levels.

You collected 80 gold pieces.

Inventory:

Hand Weapons
 a - a +0 war axe (weapon)
Missiles
 h - 17 stones (quivered)
Armour
 b - a +0 scale mail (worn)
 c - a +0 shield (worn)
Scrolls
 j - a scroll of amnesia {unknown}
 l - 2 scrolls of identify {unknown}
Potions
 d - a potion of might
 e - a potion of invisibility {unknown}
 i - a potion of curing {unknown}
 k - a potion of heal wounds {unknown}
 m - a potion of ambrosia {unknown}
Comestibles
 f - 2 rations
 g - 2 chunks of flesh


   Skills:
 + Level 3.9 Fighting
 * Level 3.2 Axes
 + Level 3.9 Armour
 + Level 3.9 Shields


You had one spell level left.
You didn't know any spells.
Your spell library was empty.

Dungeon Overview and Level Annotations

Branches:
Dungeon (2/15)

Altars:
Okawaru
The Shining One

Annotations:
D:2 Sigmund


Innate Abilities, Weirdness & Mutations

You reflexively headbutt those who attack you in melee.
You have a pair of horns on your head.


Message History

You bump into the rock wall.
Sigmund hits you from afar with a +3 scythe of protection.
Sigmund hits you but does no damage.
You hit Sigmund. You headbutt Sigmund.
Sigmund is heavily wounded.
Sigmund hits you with a +3 scythe of protection.
Sigmund hits you but does no damage.
You feel less confused.
Sigmund points at you and mumbles some strange words.
You are confused.
Sigmund hits you from afar with a +3 scythe of protection.
You're too confused to move!
Sigmund hits you with a +3 scythe of protection.
You hit Sigmund but do no damage.
Sigmund is moderately wounded.
You feel less confused.
Sigmund hits you with a +3 scythe of protection!
* * * LOW HITPOINT WARNING * * *
Sigmund hits you with a +3 scythe of protection!
You die...

#...# #####...##
......... #......
.8. #.....### _.8
#.......## 8.8.
#......##..8..
##......##... #..
#.@@....## ##..
#........###..
#.###.#...#..# #.#
#.#.#.#..###### #.#
#..............
#.###.#.##.........
#.......##รทรท.#
#.###.#.##...# #.#
#.#.###..#


You could see Sigmund.

Vanquished Creatures
  2 dart slugs (D:1)
  A leopard gecko (D:1)
  4 goblins (D:1)
  3 hobgoblins
  A kobold (D:1)
  4 bats
  A frilled lizard (D:1)
  3 rats
19 creatures vanquished.

Notes
Turn   | Place    | Note
-------+----------+-------------------------------------------
     0 | D:1      | Mrkan the Minotaur Fighter began the quest for the Orb.
     0 | D:1      | Reached XP level 1. HP: 19/19 MP: 0/0
   131 | D:1      | Reached XP level 2. HP: 27/27 MP: 1/1
   192 | D:1      | Found an iron altar of Okawaru.
   200 | D:1      | Became a worshipper of Warmaster Okawaru
   597 | D:2      | Found a glowing golden altar of the Shining One.
   598 | D:2      | Noticed Sigmund
   613 | D:2      | Mangled by Sigmund

Levels and vault maps discovered:
D:1:      lightli_arrival_statue_moat, layout_rooms, okawaru_ov_weapons_minmay
D:2:      layout_loops_ring, grunt_dithmenos_smoke, tso_metal_star, uniq_sigmund

Skill      XL: |  1  2 |
---------------+-------+-----
Axes           | 3 |  3.2
Fighting       | |  3.9
Armour         | |  3.9
Shields        | |  3.9

Action                   || total
-------------------------++-------
Melee: War axe           ||    46
       Headbutt          ||     9
Armor: Scale mail        ||    28
Dodge: Dodged            ||     9
Block: Shield            ||    28
